 Dungeon Crawl Stone Soup version 0.31-a0-339-gda1cbd555d (webtiles) character file.

Game seed: 5072491043620645015

1452 Newt the Fighter (level 8, -2/68 HPs)
             Began as a Demonspawn Gladiator on July 20, 2023.
             Was a Believer of Okawaru.
             Slain by an orc warrior
             ... wielding a +0 glaive
              (17 damage)
             ... in a bailey.
             The game lasted 00:06:20 (6097 turns).

Newt the Fighter (Demonspawn Gladiator)             Turns: 6097, Time: 00:06:20

Health: -2/68      AC: 11    Str: 18    XL:     8   Next: 47%
Magic:  8/8        EV: 11    Int: 13    God:    Okawaru [**....]
Gold:   322        SH:  0    Dex: 14    Spells: 7/7 levels left

rFire   . . .        k - +2 whip (vamp)
rCold   . . .        (no shield)
rNeg    . . .        z - +0 scale mail {rPois}
rPois   +            x - +2 hat
rElec   .            (no cloak)
rCorr   +            i - +2 pair of gloves
SInv    .            (no boots)
Will    +....        j - amulet of the acrobat Stlth
                     l - ring of resist corrosion
HPRegen 0.31/turn    B - ring of willpower
MPRegen 0.11/turn

%: acrobat
@: no status effects
A: big brain 2, demonic magic 1, weakness stinger 1
a: Renounce Religion, Heroism


You were in a bailey.
You worshipped Okawaru.
Okawaru was pleased with you.
You visited 1 branch of the dungeon, and saw 7 of its levels.
You also visited: Bailey.

You collected 430 gold pieces.
You spent 108 gold pieces at shops.

Inventory:

Hand Weapons
 a - a +0 rapier
 g - a +0 dagger of venom
 k - a +2 vampiric whip (weapon)
Missiles
 d - 2 throwing nets (quivered)
 f - 8 poisoned darts
 t - 2 silver boomerangs
Armour
 b - a +1 leather armour
 c - a +0 helmet
 i - a +2 pair of gloves (worn)
 x - a +2 hat (worn)
 z - a +0 scale mail of poison resistance (worn)
Jewellery
 j - an amulet of the acrobat (around neck)
 l - a ring of resist corrosion (left hand)
 y - a ring of magical power
 B - a ring of willpower (right hand)
Wands
 q - a wand of polymorph (4)
 r - a wand of flame (14)
Scrolls
 s - a scroll of enchant armour
 u - a scroll of teleportation
 A - a scroll of fear
Potions
 h - 3 potions of curing
 m - 2 potions of enlightenment
 n - a potion of haste
 o - 2 potions of degeneration
 p - 3 potions of attraction
 v - a potion of heal wounds
 w - 2 potions of might
 C - a potion of mutation {unknown}


   Skills:
 - Level 8.0 Fighting
 - Level 2.6 Short Blades
 - Level 5.0 Maces & Flails
 - Level 1.7 Throwing
 + Level 2.4 Armour
 - Level 4.0 Dodging


You had 7 spell levels left.
You didn't know any spells.
Your spell library contained the following spells:

 Spells                   Type           Power      Damage    Failure   Level
 Cause Fear               Hex            0%         N/A       100%        4
 Manifold Assault         Tloc           0%         N/A       100%        4
 Fireball                 Conj/Fire      0%         3d3       100%        5
 Conjure Ball Lightning   Conj/Air       0%         3x3d6     100%        6
 Dispersal                Tloc           0%         N/A       100%        6
 Discord                  Hex            0%         N/A       100%        8
 Disjunction              Tloc           0%         N/A       100%        8
 Dragon's Call            Summ           Unusable   N/A       N/A         9

Dungeon Overview and Level Annotations

Branches:
Dungeon (7/15)             Temple (0/1) D:7          Bailey (1/1)

Altars:
Okawaru
Qazlal
Sif Muna
Uskayaw
Vehumet
Wu Jian

Shops:
D:5 !


Innate Abilities, Weirdness & Mutations

You have an extremely huge brain. (Int +4)
Spells you cast may paralyse adjacent enemies.
You have a small tail.


Message History

The orc warrior hits you from afar with a +0 glaive.
The orc warrior hits you from afar with a +0 glaive!
You are too injured to fight recklessly!
You are too injured to fight recklessly!
You hit the orc warrior.
You feel better.
You kill the orc warrior!
Okawaru accepts your kill. The orc warrior misses you.
The orc warrior hits you from afar with a +0 glaive.
Your Armour skill increases to level 2!
You hit the orc.
You feel better.
You kill the orc!
Okawaru accepts your kill. The orc warrior barely misses you.
The orc warrior closely misses you.
Throw: javelin
Press: ? - help, Shift-Dir - straight line, f - orc warrior
Aim: an orc warrior, wielding a +0 glaive and wearing a +0 plate armour (60% to hit)
You throw a javelin.
The javelin pierces through the orc warrior.
The orc warrior is lightly wounded.
The javelin pierces through the orc warrior but does no damage.
The orc warrior hits you but does no damage.
The orc warrior completely misses you. The orc completely misses you.
The orc warrior closely misses you.
You barely miss the orc warrior.
The orc warrior is lightly wounded.
The orc warrior hits you with a +0 glaive!
The orc hits you from afar with a +0 halberd!
* * * LOW HITPOINT WARNING * * *
The orc warrior closely misses you.
You hit the orc warrior but do no damage.
The orc warrior is lightly wounded.
The orc barely misses you. The orc warrior closely misses you.
Throw: 3 throwing nets
Press: ? - help, Q - select action, (/) - cycle Shift-Dir - straight line, f/p - orc warrior
Aim: an orc warrior, wielding a +0 glaive and wearing a +0 plate armour (lightly wounded, 60% to hit)
You throw a throwing net.
The throwing net closely misses the orc warrior.
The orc warrior hits you with a +0 glaive!
You die...

##.....##
#.......#
#.......#
#..#.#..#
#).#8#..#
#...(...#
##.oo..##
###)###
#.@o#
#...#
#...#
#...#
###'###
##.....##
#.......#
#.....).#
#...))))#


You could see 2 orc warriors and an orc.

Vanquished Creatures
  A water moccasin (D:6)
  2 orc warriors (Bailey)
  An ogre (D:4)
  2 bullfrogs (D:6)
  2 scorpions
  A howler monkey (D:5)
  3 hounds
  2 jellies
  2 gnoll boudas
  Jessica (D:2)
  5 iguanas
  4 sleepcaps
  Ijyb (D:5)
  2 orc wizards (D:6)
  Robin (D:2)
  8 gnolls
  5 adders
  A white imp (D:6)
  An ufetubus (D:5)
  3 worms
  A dart slug (D:4)
  16 orcs
  9 ball pythons
  4 endoplasms
  2 giant cockroaches (D:2)
  16 goblins
  7 hobgoblins
  2 jackals (D:2)
  4 kobolds
  2 quokkas
  6 bats
  2 frilled lizards (D:1)
  3 rats
122 creatures vanquished.

Notes
Turn   | Place    | Note
-------+----------+-------------------------------------------
     0 | D:1      | Newt the Demonspawn Gladiator began the quest for the Orb.
     0 | D:1      | Reached XP level 1. HP: 16/16 MP: 1/1
   541 | D:1      | Gained mutation: You have an unusually large brain. (Int
                  | +2) [demonic ancestry]
   541 | D:1      | Reached XP level 2. HP: 23/23 MP: 2/2
   804 | D:1      | Reached skill level 3 in Fighting
   912 | D:1      | You fall into a shaft and drop 1 floor!
   943 | D:2      | Noticed Robin
   976 | D:2      | Killed Robin
   977 | D:2      | Gained mutation: Spells you cast may paralyse adjacent
                  | enemies. [demonic ancestry]
   977 | D:2      | Reached XP level 3. HP: 9/30 MP: 3/3
  1345 | D:2      | Reached skill level 4 in Fighting
  1647 | D:1      | Found a faded altar of an unknown god.
  1976 | D:2      | Gained mutation: You have an extremely huge brain. (Int +4)
                  | [demonic ancestry]
  1976 | D:2      | Reached XP level 4. HP: 33/38 MP: 4/4
  2051 | D:2      | Noticed Jessica
  2057 | D:2      | Killed Jessica
  2404 | D:2      | Found an ornate altar of the Wu Jian Council.
  2561 | D:3      | Found a radiant altar of Vehumet.
  2806 | D:3      | Reached skill level 5 in Fighting
  2854 | D:3      | Found a stormy altar of Qazlal.
  3376 | D:4      | Found an iron altar of Okawaru.
  3402 | D:4      | Became a worshipper of Warmaster Okawaru
  3615 | D:4      | Reached skill level 1 in Maces & Flails
  3615 | D:4      | Reached XP level 5. HP: 37/44 MP: 5/5
  4158 | D:4      | Noticed an ogre
  4168 | D:4      | Killed an ogre
  4169 | D:4      | Gained mutation: You have a small tail. [demonic ancestry]
  4169 | D:4      | Reached XP level 6. HP: 38/51 MP: 6/6
  4424 | D:5      | Entered Level 5 of the Dungeon
  4526 | D:5      | Reached * piety under Okawaru
  4688 | D:5      | Noticed Ijyb
  4713 | D:5      | Reached skill level 5 in Maces & Flails
  4717 | D:5      | Reached XP level 7. HP: 48/56 MP: 7/7
  4729 | D:5      | Killed Ijyb
  4831 | D:5      | Found a shimmering blue altar of Sif Muna.
  5048 | D:5      | Found Fixijy's Distillery.
  5057 | D:5      | Bought a potion of heal wounds for 60 gold pieces
  5057 | D:5      | Bought a potion of might for 48 gold pieces
  5332 | D:6      | Reached skill level 6 in Fighting
  5486 | D:6      | Reached XP level 8. HP: 65/65 MP: 8/8
  5530 | D:6      | Reached ** piety under Okawaru
  5531 | D:6      | Reached skill level 7 in Fighting
  5770 | D:6      | Found a hide-covered altar of Uskayaw.
  5875 | D:7      | Found a staircase to the Ecumenical Temple.
  5927 | D:7      | Found a flagged portal.
  6007 | Bailey   | Entered a bailey
  6027 | Bailey   | Reached skill level 8 in Fighting
  6027 | Bailey   | Reached skill level 1 in Armour
  6097 | Bailey   | Slain by an orc warrior

Illustrated notes

Levels and vault maps discovered:
D:1:      saegor_arrival_simple_e, layout_basic,
          shapermc_ecumenical_altar_hornbeckon
D:2:      layout_loops_ring, basic_altar, uniq_jessica, uniq_robin
D:3:      minmay_door_path, layout_basic, fiery_altar_vehumet,
          overflow_temple_1_default
D:4:      layout_gridville, okawaru_gym_becter
D:5:      layout_cave_pools, led_sif_book, serial_shops, shop, uniq_ijyb
D:6:      layout_cave_pools, mainiacjoe_overflow_alcove_4
D:7:      wad_woods_stonehenge, layout_basic,
          minmay_temple_entry_statues_pillars, enter_bailey_3, uniq_menkaure,
          uniq_crazy_yiuf_cottage, uniq_maggie
Bailey:   bailey_polearm_5, bailey

Skill      XL: |  1  2  3  4  5  6  7  8 |
---------------+-------------------------+-----
Fighting       | 3 4 5 6 8 |  8.0
Maces & Flails | 1 3 5 |  5.0
Dodging        | 3 4 |  4.0
Armour         | 2 |  2.4
Short Blades   | |  2.6
Throwing       | |  1.7

Action                     |  1- 3 |  4- 6 |  7- 9 || total
---------------------------+-------+-------+-------++-------
  Melee: Rapier            |    17 |       |       ||    17
         Dagger            |   118 |   119 |       ||   237
         Punch             |     3 |     2 |     3 ||     8
         Whip              |       |    61 |   217 ||   278
         Tailslap          |       |    23 |    35 ||    58
  Throw: Javelin           |       |       |     1 ||     1
         Throwing net      |       |       |     1 ||     1
    Use: Scroll            |       |    11 |     1 ||    12
         Potion            |       |     1 |       ||     1
   Stab: Sleeping          |     1 |     1 |       ||     2
         Distracted        |     1 |       |       ||     1
 Armour: Leather armour    |    43 |    47 |    36 ||   126
         Scale mail        |       |       |    99 ||    99
  Dodge: Dodged            |    83 |   137 |   198 ||   418

Table legend: (Time is in decaauts)
 A = Elapsed time spent in this place.
 B = Non-inter-level travel time spent in this place.
 C = Inter-level travel time spent in this place.
 D = Time resting spent in this place.
 E = Time spent auto-exploring this place.
 F = Levels seen in this place.
 G = Mean time per level.
                   A        B        C        D        E       F      G
               +--------+--------+--------+--------+--------+-----+--------+
         Total |   6031 |   5710 |    321 |    575 |   4144 |   8 |  753.9 |
       Dungeon |   5948 |   5627 |    321 |    575 |   4115 |   7 |  849.7 |
        Bailey |     83 |     83 |      0 |      0 |     29 |   1 |   83.0 |
               +--------+--------+--------+--------+--------+-----+--------+

Top non-repeatable levels by time:
     D:1: 1417 daAuts
     D:2: 1121 daAuts
     D:4: 1061 daAuts
     D:3: 802 daAuts
     D:6: 720 daAuts
     D:5: 680 daAuts
     D:7: 144 daAuts
  Bailey: 83 daAuts
